 Dungeon Crawl Stone Soup version 0.17.1-1-g73c8601 (webtiles) character file.

335 steelSky the Cudgeler (level 6, -16/37 HPs)
             Began as a Gargoyle Fighter on Dec 27, 2015.
             Demolished by an ogre
             ... wielding a +0 giant club
              (19 damage)
             ... on level 3 of the Dungeon.
             The game lasted 00:16:52 (3819 turns).

steelSky the Cudgeler (Gargoyle Fighter)            Turns: 3819, Time: 00:16:52

Health: -16/37     AC: 12    Str: 20    XL:     6   Next: 53%
Magic:  6/6        EV:  7    Int: 10    God:
Gold:   212        SH:  9    Dex: 11    Spells: 0 memorised, 5 levels left

rFire  . . .     SeeInvis .     a - +0 flail
rCold  . . .     Clarity  .     r - +0 scale mail
rNeg   + . .     SustAt   .     c - +0 shield
rPois  ∞         Gourm    .     (no helmet)
rElec  +         Spirit   .     (no cloak)
rCorr  .         Warding  .     q - +0 pair of gloves
rMut   .         Stasis   .     (no boots)
MR     .....                    (no amulet)
Stlth  ..........               (no ring)
                                (no ring)

@: not resistant to hostile enchantments, extremely unstealthy
A: breathe flames 1, clever 1, mutation resistance 1, negative energy resistance
1, electricity resistance, unbreathing, petrification resistance, rot immunity,
AC +4
a: Breathe Fire


You were on level 3 of the Dungeon.
You were not hungry.

You visited 1 branch of the dungeon, and saw 3 of its levels.
You also visited: Sewer.

You collected 212 gold pieces.

Inventory:

Hand Weapons
 a - a +0 flail (weapon)
 l - a +0 hunting sling
Missiles
 h - 67 stones (quivered)
 n - 38 arrows
Armour
 b - a +0 scale mail
 c - a +0 shield (worn)
 q - a +0 pair of gloves (worn)
 r - a +0 scale mail (worn)
Scrolls
 e - 2 scrolls of random uselessness {unknown}
 f - a scroll of noise {unknown}
 g - 2 scrolls of fog {unknown}
 j - 2 scrolls of identify {unknown}
 k - a scroll of remove curse {unknown}
 m - a scroll of amnesia {unknown}
 o - 2 scrolls of blinking {unknown}
 s - 3 scrolls of teleportation {unknown}
 t - a scroll of fear {unknown}
Potions
 d - a potion of might
 i - a potion of poison {unknown}
 p - 2 potions of resistance {unknown}
 u - a potion of flight
 v - a potion of invisibility


   Skills:
 - Level 3.5 Fighting
 + Level 6.1 Maces & Flails
 - Level 3.8 Armour
 - Level 3.7 Shields


You had 5 spell levels left.
You didn't know any spells.

Dungeon Overview and Level Annotations

Branches:
Dungeon (3/15)

Altars:
Fedhas
Xom


Innate Abilities, Weirdness & Mutations

You are resistant to torment.
Your stone body is resilient (AC +4).
You are immune to poison.
You resist negative energy.
You are resistant to electric shocks.
You can survive without breathing.
You are immune to petrification.
You are immune to rotting.
You can breathe flames.
Your mind is acute. (Int +2)
You are somewhat resistant to further mutation.


Message History

The ogre is almost dead.
The ogre hits you with a giant club!
You hit the ogre but do no damage.
The ogre is almost dead.
The ogre hits you with a giant club!!
Ouch! That really hurt!
* * * LOW HITPOINT WARNING * * *
Your shield and scale mail prevent you from hitting the ogre.
The ogre is almost dead.
The ogre barely misses you.
You barely miss the ogre.
The ogre is almost dead.
The ogre hits you with a giant club!
* * * LOW HITPOINT WARNING * * *
Unknown command.
You barely miss the ogre.
The ogre is almost dead.
The ogre hits you with a giant club!!
Ouch! That really hurt!
You die...

########### .
#.........#######.......
###........PPPPP..........
#..........P...P# #.......
#..)#).....P....# #.......
#...#.##.##P...P# #.......
#...#.##.##P.PPP# #.......
#####...#.##.###.#..###.......
#.<.......##.@O)[[....÷.......
################)#####..######
#(.......................
##.#####>..........#######
#.......######.##..#≈≈≈≈≈#
#.......# #.###.#≈≈.≈≈'
#.......# #O#...#≈≈≈≈≈#
#.......# #.....#######
##......O# #............


You could see an ogre.

Vanquished Creatures
  An ogre (D:3)
  An orc priest (D:3)
  A giant frog skeleton (D:2)
  Robin (D:2)
  An adder (D:2)
  3 gnolls (D:2)
  5 oozes
  5 worms (Sewer)
  5 orcs (D:3)
  10 goblins
  11 hobgoblins
  5 jackals
  6 kobolds
  3 ball pythons
  15 bats
  6 giant cockroaches
  6 giant geckos
  4 giant newts
  3 quokkas
  6 rats
  A fungus (D:3)
99 creatures vanquished.

Vanquished Creatures (others)
  2 fungi (D:3)
2 creatures vanquished.

Grand Total: 101 creatures vanquished

Notes
Turn   | Place    | Note
--------------------------------------------------------------
     0 | D:1      | steelSky the Gargoyle Fighter began the quest for the Orb.
     0 | D:1      | Reached XP level 1. HP: 14/14 MP: 1/1
   111 | D:1      | Reached XP level 2. HP: 16/19 MP: 2/2
   220 | D:1      | Found a shimmering altar of Xom.
   319 | D:1      | Reached XP level 3. HP: 19/23 MP: 3/3
  1338 | D:2      | Noticed Robin
  1422 | D:2      | Reached XP level 4. HP: 24/28 MP: 4/4
  1428 | D:2      | Killed Robin
  1650 | D:2      | Found a blossoming altar of Fedhas.
  1791 | D:2      | Reached skill level 4 in Maces & Flails
  2399 | D:3      | Reached XP level 5. HP: 32/32 MP: 5/5
  2537 | D:3      | Found a glowing drain.
  2581 | Sewer    | Entered a sewer
  2898 | Sewer    | Gained mutation: You are somewhat resistant to further mutation. [potion of mutation]
  2898 | Sewer    | Gained mutation: You can breathe flames. [potion of mutation]
  2898 | Sewer    | Gained mutation: Your mind is acute. (Int +2) [potion of mutation]
  3053 | Sewer    | Reached skill level 5 in Maces & Flails
  3432 | D:3      | Noticed an ogre
  3491 | D:2      | Reached XP level 6. HP: 31/37 MP: 6/6
  3524 | D:3      | Noticed an ogre
  3534 | D:3      | Killed an ogre
  3534 | D:3      | Reached skill level 6 in Maces & Flails
  3819 | D:3      | Demolished by an ogre

Action                   |  1- 3 |  4- 6 || total
-------------------------+-------+-------++-------
Melee: Flail             |   160 |   267 ||   427
Throw: Stone             |       |     3 ||     3
  Use: Potion            |       |     3 ||     3
  Eat: Pizza             |     1 |       ||     1
       Bread ration      |       |     2 ||     2
       Fruit             |       |     1 ||     1
